 Dungeon Crawl Stone Soup version 0.31-a0-234-gad7ace16ef (webtiles) character file.

Game seed: 15706012644438196922

96 qw the Shooter (level 4, -1/27 HPs)
             Began as a Gargoyle Hexslinger on July 9, 2023.
             Slain by a worm (7 damage)
             ... on level 2 of the Dungeon.
             The game lasted 00:00:38 (1112 turns).

qw the Shooter (Gargoyle Hexslinger)                Turns: 1112, Time: 00:00:38

Health: -1/27      AC:  6    Str: 12    XL:     4   Next: 67%
Magic:  5/5        EV: 12    Int: 13    God:
Gold:   98         SH:  0    Dex: 14    Spells: 4/5 levels left

rFire   . . .        a - +1 sling
rCold   . . .        (no shield)
rNeg    + . .        c - +0 robe
rPois   inf          d - +0 helmet
rElec   +            (no cloak)
rCorr   .            (no gloves)
SInv    .            (no boots)
Will    .....        (no amulet)
Stlth   +            (no ring)
HPRegen 0.24/turn    (no ring)
MPRegen 0.09/turn

%: no passive effects
@: no status effects
A: sickness immunity, AC +3, negative energy resistance 1, electricity
resistance, torment resistance 1, petrification resistance
a: no special abilities


You were on level 2 of the Dungeon.
You visited 1 branch of the dungeon, and saw 2 of its levels.

You collected 98 gold pieces.


Innate Abilities, Weirdness & Mutations

You are immune to sickness and miasma.
Your stone body is resilient. (AC +3)
You are immune to poison.
You resist negative energy. (rN+)
You are resistant to electric shocks. (rElec)
You are resistant to unholy torment.
You are immune to petrification.


   Skills:
 - Level 2.7 Fighting
 + Level 4.0 Ranged Weapons
 - Level 1.5 Dodging
 - Level 1.0 Spellcasting
 - Level 2.6 Hexes


You had 4 spell levels left.
You knew the following spells:

 Your Spells              Type           Power      Damage    Failure   Level
a - Slow                  Hex            28%        N/A       10%         1

Your spell library contained the following spells:

 Spells                   Type           Power      Damage    Failure   Level
 Inner Flame              Hex/Fire       4%         N/A       43%         3
 Portal Projectile        Hex/Tloc       8%         N/A       43%         3
 Cause Fear               Hex            3%         N/A       67%         4

Inventory:

Hand Weapons
 a - a +1 sling (weapon)
Armour
 c - a +0 robe (worn)
 d - a +0 helmet (worn)
 o - a +0 pair of boots
Jewellery
 k - a ring of flight
Scrolls
 f - a scroll of fog {unknown}
 g - 2 scrolls of teleportation {unknown}
 h - a scroll of immolation {unknown}
 i - 2 scrolls of revelation {unknown}
 l - a scroll of fear {unknown}
 n - a scroll of torment {unknown}
Potions
 b - a potion of attraction {unknown}
 e - a potion of enlightenment {unknown}
 j - a potion of brilliance {unknown}
 m - 3 potions of curing {unknown}

Dungeon Overview and Level Annotations

Branches:
Dungeon (2/15)

Altars:

Shops:
D:1 :


Message History

Enter note:
Enter note: You shoot a sling bullet.
The sling bullet hits the worm.
The worm is moderately wounded.
You shoot a sling bullet.
The sling bullet hits the worm but does no damage.
The worm is moderately wounded.
You shoot a sling bullet.
The sling bullet barely misses the worm.
You shoot a sling bullet. The sling bullet hits the worm!
The worm is heavily wounded.
You shoot a sling bullet.
The sling bullet barely misses the worm.
The worm bites you.
You shoot a sling bullet.
The sling bullet barely misses the worm.
The worm barely misses you.
You shoot a sling bullet. The sling bullet hits the worm.
The worm is severely wounded.
You shoot a sling bullet.
The sling bullet barely misses the worm.
The worm closely misses you.
You shoot a sling bullet. The sling bullet hits the worm.
The worm is almost dead.
The worm bites you!
You shoot a sling bullet. The sling bullet hits the worm.
The worm is almost dead.
The worm bites you but does no damage.
You shoot a sling bullet. The sling bullet hits the worm.
The worm is almost dead.
You shoot a sling bullet. The sling bullet hits the worm.
The worm is almost dead.
The worm bites you.
You shoot a sling bullet.
The sling bullet barely misses the worm.
The worm bites you!
You shoot a sling bullet.
The sling bullet barely misses the worm.
The worm bites you!
You die...

####.............##########
######.######## #.# #.# #.#
#.# #.# #.##### #.@w..#
#...#...... #....# .....
#..#.# .... #..#.# ...
#..#.# .. # #..#.# . ....
#..#.# .#.#.# ......


You could see a worm.

Vanquished Creatures
  Jessica (D:2)
  3 adders (D:2)
  A dart slug (D:2)
  7 ball pythons
  5 endoplasms
  2 hobgoblins
  A quokka (D:2)
  9 bats
  3 frilled lizards (D:2)
  3 goblins
  3 kobolds
  7 rats
45 creatures vanquished.

Notes
Turn   | Place    | Note
-------+----------+-------------------------------------------
     0 | D:1      | qw the Gargoyle Hexslinger began the quest for the Orb.
     0 | D:1      | Reached XP level 1. HP: 12/12 MP: 2/2
     0 | D:1      | 0 ||| qw: Version: 0.3-a-51-g015441d
     0 | D:1      | 0 ||| qw: Game counter: 4160
     0 | D:1      | 0 ||| qw: Melee chars always use a shield: true
     0 | D:1      | 0 ||| qw: God list: Okawaru
     0 | D:1      | 0 ||| qw: Allow faded altars: false
     0 | D:1      | 0 ||| qw: Do Orc after clearing Dungeon:15 true
     0 | D:1      | 0 ||| qw: Do second Lair branch before Depths: true
     0 | D:1      | 0 ||| qw: Lair rune preference: random
     0 | D:1      | 0 ||| qw: Goals: Normal
     0 | D:1      | 0 ||| PLANNING D:1-11
    82 | D:1      | Reached XP level 2. HP: 9/16 MP: 3/3
   276 | D:1      | Reached skill level 3 in Ranged Weapons
   363 | D:1      | Found Nadi Qih's Vocational Training.
   381 | D:1      | 381 ||| UPGRADING to +0 helmet.
   386 | D:1      | 386 ||| DROPPING scroll of poison.
   416 | D:2      | Noticed Jessica
   422 | D:2      | Killed Jessica
   423 | D:2      | Reached XP level 3. HP: 21/22 MP: 4/4
   479 | D:2      | Reached XP level 4. HP: 27/27 MP: 5/5
  1024 | D:2      | Reached skill level 4 in Ranged Weapons
  1111 | D:2      | HP: 6/27 [worm (9)]
  1112 | D:2      | Slain by a worm

Levels and vault maps discovered:
D:1:      onia_arrival_handbag, layout_rooms, nicolae_shop_vocational
D:2:      minmay_thinvault, layout_rooms, serial_co_window_serial,
          co_window_of_opportunity_a, co_window_of_opportunity_a,
          co_window_corner_a, co_window_paths_b, co_window_of_opportunity_a,
          co_window_unsneaky_path_a, co_window_broadway_c,
          co_window_unsneaky_path_a, co_window_broadway_b, co_window_broadway_a,
          co_window_unsneaky_path_b, glass_columns_a, glass_columns_a,
          glass_columns_c, glass_columns_a, minmay_tetromino_o2, uniq_jessica

Skill      XL: |  1  2  3  4 |
---------------+-------------+-----
Ranged Weapons | 3 4 |  4.0
Fighting       | 2 |  2.7
Dodging        | |  1.5
Spellcasting   | |  1.0
Hexes          | |  2.6

Action                     |  1- 3 |  4- 6 || total
---------------------------+-------+-------++-------
   Fire: Sling             |    72 |    92 ||   164
 Armour: Robe              |    10 |    25 ||    35
  Dodge: Dodged            |    34 |    27 ||    61

Table legend:
 A = Non-vault XP
 B = Vault XP
 C = Vault XP percentage of total XP
 D = Non-vault monster count
 E = Vault monster count
 F = Vault count percentage of total count
                 A         B        C        D         E       F
            +---------+---------+-------+---------+---------+-------
      Total |      80 |      58 |  42.0 |      30 |      15 |  33.3
            +---------+---------+-------+---------+---------+-------
        D:1 |      18 |       6 |  25.0 |      13 |       4 |  23.5
        D:2 |      62 |      52 |  45.6 |      17 |      11 |  39.3
            +---------+---------+-------+---------+---------+-------
